 Dungeon Crawl Stone Soup version 0.22-a0-825-ga28c36f (webtiles) character file.

70 Amnesiac the Magician (level 4, -4/30 HPs)
             Began as a Mummy Earth Elementalist on July 24, 2018.
             Slain by an orc priest
             ... wielding a +2 morningstar of protection
              (13 damage)
             ... on level 3 of the Dungeon.
             The game lasted 00:01:30 (1200 turns).

Amnesiac the Magician (Mummy Earth Elementalist)    Turns: 1200, Time: 00:01:30

Health: -4/30      AC:  3    Str: 11    XL:     4   Next: 3%
Magic:  0/9        EV: 12    Int: 15    God:
Gold:   58         SH:  0    Dex: 12    Spells: 7/10 levels left

rFire    x . .     SeeInvis .   a - +0 dagger
rCold    + . .     Gourm    .   (no shield)
rNeg     + + +     Faith    .   c - +0 robe
rPois    ∞         Spirit   .   (no helmet)
rElec    .         Reflect  .   (no cloak)
rCorr    .         Harm     .   f - +0 pair of gloves
MR       .....                  (no boots)
Stlth    ++........             (no amulet)
HPRegen  0.10/turn              (no ring)
MPRegen  0.11/turn              (no ring)

@: no status effects
A: no food or potions, fire vulnerability, cold resistance 1, negative energy
resistance 3, torment resistance, unbreathing
a: no special abilities


You were on level 3 of the Dungeon.
You were not hungry.

You visited 1 branch of the dungeon, and saw 3 of its levels.

You collected 58 gold pieces.

Inventory:

Hand Weapons
 a - a +0 dagger (weapon)
 g - a +0 hunting sling
Missiles
 b - 76 stones (quivered)
Armour
 c - a +0 robe (worn)
 f - a +0 pair of gloves (worn)
Scrolls
 d - 2 scrolls of teleportation {!r, unknown}
 e - a scroll of remove curse {!r, unknown}
 h - a scroll of random uselessness {!r, unknown}
 i - a scroll of identify {!r, unknown}


   Skills:
 - Level 1.5 Dodging
 - Level 1.5 Stealth
 + Level 3.7 Spellcasting
 - Level 0.7 Transmutations
 * Level 3.6 Earth Magic


You had 7 spell levels left.
You knew the following spells:

 Your Spells              Type           Power        Failure   Level  Hunger
a - Sandblast             Erth           ##....       4%          1    N/A
b - Passwall              Tmut/Erth      #.......     12%         2    N/A

Your spell library contained the following spells:

 Spells                   Type           Power        Failure   Level  Hunger
 Stone Arrow              Conj/Erth      #.....       26%         3    N/A
 Lee's Rapid Deconstruct  Erth           ##........   75%         5    N/A
 Petrify                  Tmut/Erth      #.......     58%         4    N/A

Dungeon Overview and Level Annotations

Branches:
Dungeon (3/15)

Altars:


Innate Abilities, Weirdness & Mutations

You do not eat or drink.
Your flesh is vulnerable to fire.
You are immune to poison.
Your flesh is cold resistant. (rC+)
You are immune to negative energy. (rN+++)
You are immune to unholy pain and torment.
You can survive without breathing.


Message History

Casting: Sandblast (safe; 4% risk of failure)
Confirm with . or Enter, or press ? or * to list all spells.
Aiming: Sandblast (safe; 4% risk of failure)
Press: ? - help, Shift-Dir - straight line, f/p - orc priest
Aim: an orc priest, wielding a morningstar of protection The blast of sand hits the orc priest.
The orc priest is heavily wounded.
b - 79 stones The orc throws a stone.
The stone hits you but does no damage.
The orc priest hits you with a morningstar of protection.
Casting: Sandblast (safe; 4% risk of failure)
Confirm with . or Enter, or press ? or * to list all spells.
Aiming: Sandblast (safe; 4% risk of failure)
Press: ? - help, Shift-Dir - straight line, f/p - orc priest
Aim: an orc priest, wielding a morningstar of protection (heavily wounded)
The blast of sand hits the orc priest.
The orc priest is heavily wounded.
b - 78 stones The orc throws a stone.
The stone hits you but does no damage.
Casting: Sandblast (safe; 4% risk of failure)
Confirm with . or Enter, or press ? or * to list all spells.
Aiming: Sandblast (safe; 4% risk of failure)
Press: ? - help, Shift-Dir - straight line, f/p - orc priest
Aim: an orc priest, wielding a morningstar of protection (heavily wounded)
The blast of sand hits the orc priest.
The orc priest is heavily wounded.
b - 77 stones The orc priest hits you with a morningstar of protection!
* * * LOW HITPOINT WARNING * * *
Casting: Sandblast (safe; 4% risk of failure)
Confirm with . or Enter, or press ? or * to list all spells.
You don't have enough magic to cast that spell.
Casting: Sandblast (safe; 4% risk of failure)
Confirm with . or Enter, or press ? or * to list all spells.
You don't have enough magic to cast that spell.
Casting: Sandblast (safe; 4% risk of failure)
Confirm with . or Enter, or press ? or * to list all spells.
You don't have enough magic to cast that spell.
Casting: Sandblast (safe; 4% risk of failure)
Confirm with . or Enter, or press ? or * to list all spells.
You don't have enough magic to cast that spell.
Casting: Sandblast (safe; 4% risk of failure)
Confirm with . or Enter, or press ? or * to list all spells.
You don't have enough magic to cast that spell.
You barely miss the orc priest.
The orc priest is heavily wounded.
The orc priest hits you with a morningstar of protection.
* * * LOW HITPOINT WARNING * * *
The orc hits you but does no damage.
You aren't carrying any items that you can evoke.
The orc barely misses you. The orc hits you.
* * * LOW HITPOINT WARNING * * *
Casting: Sandblast (safe; 4% risk of failure)
Confirm with . or Enter, or press ? or * to list all spells.
Aiming: Sandblast (safe; 4% risk of failure)
Press: ? - help, Shift-Dir - straight line, f/p - orc priest
Aim: an orc priest, wielding a morningstar of protection (heavily wounded)
The blast of sand hits the orc priest.
The orc priest is heavily wounded.
b - 76 stones The orc barely misses you.
The orc priest hits you with a morningstar of protection!
You die...

#...##'#######(#######S
#.#...†........((......
#.#.....o......(.......
#.#.......o..)........S
#...##'#######(#######'
#####...## ##..)##
##.....###..)..##
#.......#(.....(#
#...÷...#..o@...#
#.......#..o....#
##.....###.....##
##...## ##...## #####
#####


You could see an orc priest and an orc.

Vanquished Creatures
  5 adders (D:3)
  A leopard gecko (D:1)
  2 orcs (D:3)
  3 giant cockroaches (D:1)
  2 goblins (D:3)
  A hobgoblin (D:1)
  6 kobolds
  A frilled lizard (D:3)
  2 rats
23 creatures vanquished.

Notes
Turn   | Place    | Note
-------+----------+-------------------------------------------
     0 | D:1      | Amnesiac the Mummy Earth Elementalist began the quest for the Orb.
     0 | D:1      | Reached XP level 1. HP: 13/13 MP: 4/4
   374 | D:1      | Reached XP level 2. HP: 13/19 MP: 0/5
   426 | D:1      | Learned a level 2 spell: Passwall
   765 | D:3      | Reached XP level 3. HP: 8/24 MP: 0/7
  1014 | D:3      | Noticed a scorpion
  1107 | D:3      | Reached XP level 4. HP: 30/30 MP: 1/9
  1200 | D:3      | Slain by an orc priest

Vault maps used:
D:1:      nicolae_arrival_washed_ashore
D:2:      interstate_on_off, bloody_trog
D:3:      kennysheep_six_static_rooms, first_ration

Skill      XL: |  1  2 |
---------------+-------+-----
Spellcasting   | 3 |  3.7
Earth Magic    | 3 |  3.6
Dodging        | |  1.5
Stealth        | |  1.5
Transmutations | |  0.7

Action                   |  1- 3 |  4- 6 || total
-------------------------+-------+-------++-------
Melee: Unarmed           |    15 |       ||    15
       Dagger            |    31 |     1 ||    32
 Cast: Sandblast         |    45 |    11 ||    56
       Passwall          |     2 |       ||     2
Armor: Robe              |    14 |     2 ||    16
Dodge: Dodged            |    64 |     7 ||    71

Table legend:
 A = Spawn XP
 B = Non-spawn XP
 C = Spawn XP percentage of total XP
 D = Spawn monster count
 E = Non-spawn monster count
 F = Spawn count percentage of total count
 G = Total turns spent on level
                    A         B        C        D         E        F      G
               +---------+---------+-------+---------+---------+-------+---------
         Total |       0 |     100 |   0.0 |       0 |      23 |   0.0 |  1200
               +---------+---------+-------+---------+---------+-------+---------
           D:1 |       0 |      19 |   0.0 |       0 |      10 |   0.0 |   742
           D:3 |       0 |      81 |   0.0 |       0 |      13 |   0.0 |   449
               +---------+---------+-------+---------+---------+-------+---------
